 Dungeon Crawl Stone Soup version 0.29-a0-581-ge9a90b7 (webtiles) character file.

Game seed: 2753386819533998469

51 Illumine the Covered (level 4, -4/40 HPs)
             Began as a Meteoran Fighter on June 14, 2022.
             Slain by Blork the orc
             ... wielding a +0 short sword
              (8 damage)
             ... on level 4 of the Dungeon.
             The game lasted 00:01:53 (651 turns).

Illumine the Covered (Meteoran Fighter)              Turns: 651, Time: 00:01:54

Health: -4/40      AC: 10    Str: 19    XL:     4   Next: 25%
Magic:  5/5        EV:  7    Int:  9    God:
Gold:   60         SH:  5    Dex: 14    Spells: 3/3 levels left

rFire   . . .      SeeInvis .   a - +0 war axe
rCold   . . .      Faith    .   c - +0 buckler
rNeg    . . .      Spirit   .   p - +0 chain mail
rPois   .          Reflect  .   (no helmet)
rElec   .          Harm     .   (no cloak)
rCorr   .          Rampage  .   g - +0 pair of gloves
Will    .....                   (no boots)
Stlth   ..........              (no amulet)
HPRegen 0.13/turn               (no ring)
MPRegen 0.09/turn               (no ring)

@: mighty, glowing
A: sense surroundings 1, otherworldly, glowing, explore regen
a: no special abilities


You were on level 4 of the Dungeon.
You visited 1 branch of the dungeon, and saw 4 of its levels.

You collected 60 gold pieces.

Inventory:

Hand Weapons
 a - a +0 war axe (weapon)
Missiles
 o - 2 curare-tipped darts (quivered)
Armour
 c - a +0 buckler (worn)
 g - a +0 pair of gloves (worn)
 p - a +0 chain mail (worn)
Scrolls
 e - a scroll of amnesia {unknown}
 i - 2 scrolls of noise
 j - a scroll of magic mapping {unknown}
 k - a scroll of teleportation {unknown}
 n - a scroll of identify {unknown}
Potions
 b - a potion of lignification {unknown}
 d - a potion of might
 f - a potion of heal wounds {unknown}
 h - a potion of mutation {unknown}
 l - a potion of curing {unknown}
 m - 2 potions of brilliance {unknown}
 q - a potion of flight {unknown}


   Skills:
 + Level 3.7 Fighting
 * Level 3.5 Axes
 + Level 4.1 Armour
 + Level 4.1 Shields


You had 3 spell levels left.
You didn't know any spells.
Your spell library was empty.

Dungeon Overview and Level Annotations

Branches:
Dungeon (4/15)
 Temple: D:4-7

Altars:
Dithmenos

Annotations:
D:3 3 runed translucent doors, Caerwyn's ghost, amateur KoEn
D:4 Blork the orc


Innate Abilities, Weirdness & Mutations

You passively map a small area around you.
You are easily found by Zot.
You glow in the dark.
You regain HP and MP as you explore.


Message History

Blork the orc is moderately wounded.
Blork the orc jeers noisily, in orcish tradition.
Blork the orc casts a spell at you.
The magic dart hits you but does no damage.
You barely miss Blork the orc.
Blork the orc is moderately wounded.
Blork the orc casts a spell.
Blork the orc seems to speed up.
Blork the orc points at you and mumbles some strange words.
The puff of flame hits you!
You slash Blork the orc!
Blork the orc is severely wounded.
Blork the orc gestures at you while chanting.
The puff of frost hits you!
Blork the orc points at you and mumbles some strange words.
The puff of flame hits you!
You barely miss Blork the orc.
Blork the orc is severely wounded.
Blork the orc hits you with a +0 short sword. x2
* * * LOW HITPOINT WARNING * * *
You barely miss Blork the orc.
Blork the orc is severely wounded.
Blork the orc casts a spell at you.
The magic dart hits you but does no damage.
Blork the orc hits you with a +0 short sword.
* * * LOW HITPOINT WARNING * * *
You closely miss Blork the orc.
Blork the orc is severely wounded.
Blork the orc points at you and mumbles some strange words.
The magic dart hits you.
* * * LOW HITPOINT WARNING * * *
Blork the orc screams, "I'll drink your blood!
Soon!"
Blork the orc begins to cast a cantrip, but forgets the words!
You slash Blork the orc!
Blork the orc is almost dead.
Blork the orc closely misses you. You block Blork the orc's attack.
You barely miss Blork the orc.
Blork the orc is almost dead.
Blork the orc hits you with a +0 short sword!
You die...

...#.# ### * #.#
......,..# #.# ,
#..#.# #.# #.# ,
#..#.# #.# #.#
#..#.# #.# #.# *
#..#.# #.# #.#
#..#.###.#####.#
#..o...........#
,,
#..#@..........#
*
*#..#####.#####.#
* *** * ,*#.. #.#
#.# , ... #.# #.#
* .#.# * #.# #.#
* * , ...o #.#
#.# * *## .. #.#
*#.#, , , , ,


You could see Blork the orc (fast).

Vanquished Creatures
  2 adders (D:3)
  A worm (D:3)
  2 endoplasms
  2 giant cockroaches
  A hobgoblin (D:1)
  7 jackals
  2 quokkas
  5 ball pythons
  A frilled lizard (D:1)
  5 rats
28 creatures vanquished.

Notes
Turn   | Place    | Note
-------+----------+-------------------------------------------
     0 | D:1      | Illumine the Meteoran Fighter began the quest for the Orb.
     0 | D:1      | Reached XP level 1. HP: 19/19 MP: 2/2
   190 | D:1      | Reached XP level 2. HP: 20/26 MP: 3/3
   246 | D:2      | Found a shadowy altar of Dithmenos.
   300 | D:2      | Reached XP level 3. HP: 31/31 MP: 4/4
   385 | D:3      | Reached XP level 4. HP: 29/40 MP: 5/5
   446 | D:3      | Found a runed translucent gate.
   446 | D:3      | Found a runed translucent gate.
   446 | D:3      | Found a runed translucent gate.
   450 | D:3      | Noticed Caerwyn's ghost (amateur KoEn)
   635 | D:4      | Noticed Blork the orc
   651 | D:4      | Slain by Blork the orc

Illustrated notes

Levels and vault maps discovered:
D:1:      dpeg_arrival_lava_temple_mockup, layout_basic,
          chequers_hall_statues_y, minmay_cupped
D:2:      layout_rooms, shapermc_ecumenical_altar_hornbeckon, basic_altar,
          uniq_robin
D:3:      layout_loops_ring, ebering_ghost_rock_garden
D:4:      layout_basic, minmay_curled_crystal, uniq_edmund, uniq_blork_the_orc,
          uniq_ijyb

Skill      XL: |  1  2  3 |
---------------+----------+-----
Axes           | 3 |  3.5
Armour         | 4 |  4.1
Shields        | 4 |  4.1
Fighting       | |  3.7

Action                   |  1- 3 |  4- 6 || total
-------------------------+-------+-------++-------
Melee: War axe           |    58 |    11 ||    69
  Use: Scroll            |       |     1 ||     1
       Potion            |       |     1 ||     1
Armor: Scale mail        |    31 |       ||    31
       Chain mail        |       |     3 ||     3
Dodge: Dodged            |    35 |     1 ||    36
Block: Buckler           |    14 |     1 ||    15

Table legend: (Time is in decaauts)
 A = Elapsed time spent in this place.
 B = Non-inter-level travel time spent in this place.
 C = Inter-level travel time spent in this place.
 D = Time resting spent in this place.
 E = Time spent auto-exploring this place.
 F = Levels seen in this place.
 G = Mean time per level.
                   A        B        C        D        E       F      G
               +--------+--------+--------+--------+--------+-----+--------+
         Total |    676 |    622 |     54 |      0 |    273 |   4 |  169.0 |
       Dungeon |    676 |    622 |     54 |      0 |    273 |   4 |  169.0 |
               +--------+--------+--------+--------+--------+-----+--------+

Top non-repeatable levels by time:
     D:3: 318 daAuts
     D:1: 221 daAuts
     D:2: 104 daAuts
     D:4: 32 daAuts
